 Dungeon Crawl Stone Soup version 0.31-a0-846-gb3bcc0d938 (webtiles) character file.

Game seed: 18052261321571427517

121 demibob the Cudgeller (level 4, 0/44 HPs)
             Began as a Troll Chaos Knight on Oct 4, 2023.
             Was a Plaything of Xom.
             Slain by Grinder (1 damage)
             ... on level 3 of the Dungeon.
             The game lasted 00:02:27 (1622 turns).

demibob the Cudgeller (Troll Chaos Knight)          Turns: 1622, Time: 00:02:28

Health: 0/44       AC:  6    Str: 20    XL:     4   Next: 76%
Magic:  3/3        EV: 10    Int:  8    God:    Xom [*.....]
Gold:   125        SH:  0    Dex: 11    Spells: 3/3 levels left

rFire   . . .        a - +1 mace (chaos)
rCold   . . .        (no shield)
rNeg    . . .        b - +2 robe
rPois   .            (helmet restricted)
rElec   .            (no cloak)
rCorr   .            (gloves unavailable)
SInv    .            (boots unavailable)
Will    .....        (no amulet)
Stlth   +            (no ring)
HPRegen 1.07/turn    (no ring)
MPRegen 0.08/turn

%: no passive effects
@: no status effects
A: large, unfitting armour, claws 3, regeneration 1, shaggy fur 1, tough skin 1
a: Renounce Religion


You were on level 3 of the Dungeon.
You worshipped Xom.
You were a special plaything of Xom.
You visited 1 branch of the dungeon, and saw 3 of its levels.

You collected 125 gold pieces.


Innate Abilities, Weirdness & Mutations

You are too large for most types of armour.
You have claws for hands.
Your natural rate of healing is unusually fast.
You are covered in fur. (AC +1)
You have tough skin. (AC +1)


   Skills:
 - Level 2.4 Fighting
 + Level 5.1 Maces & Flails
 - Level 1.9 Dodging


You had 3 spell levels left.
You didn't know any spells.
Your spell library was empty.

Inventory:

Hand Weapons
 a - a +1 mace of chaos (weapon)
Armour
 b - a +2 robe (worn)
Magical Staves
 j - a staff of earth {!a}
Scrolls
 d - a scroll of poison {unknown}
 f - 2 scrolls of teleportation {unknown}
 k - a scroll of brand weapon {unknown}
 m - a scroll of amnesia
Potions
 h - a potion of degeneration
 l - a potion of curing {@q1}

Dungeon Overview and Level Annotations

Branches:
Dungeon (3/15)

Altars:
Qazlal

Annotations:
D:3 Grinder

... ...#
##########...
#.........)..
#.........##.
#.........#..
#..5@...<.#.#
#####...###.#
.# ###..##.#
.. ##.##.# ..#
#.##.# ..
#.)..# #
####.###.#####
#............
#.##...##...)


You could see Grinder (confused).


Message History

* * * LOW HITPOINT WARNING * * *
You writhe in agony.
* * * LOW HITPOINT WARNING * * *
Grinder hits you but does no damage. Grinder hits you.
* * * LOW HITPOINT WARNING * * *
You writhe in agony.
* * * LOW HITPOINT WARNING * * *
You can move again.
Unknown command.
You hit Grinder but do no damage.
Grinder is severely wounded.
Grinder hits you but does no damage.
You closely miss Grinder.
Grinder is severely wounded.
You are now a special plaything of Xom.
Grinder hits you.
* * * LOW HITPOINT WARNING * * *
You writhe in agony.
* * * LOW HITPOINT WARNING * * *
You hit Grinder.
Grinder appears confused.
Grinder is severely wounded.
Grinder completely misses you.
You catch the helpless Grinder completely off-guard!
You hit Grinder.
Grinder is almost dead.
Grinder hits you.
* * * LOW HITPOINT WARNING * * *
You writhe in agony.
You die...

Skill      XL: |  1  2  3  4 |
---------------+-------------+-----
Maces & Flails | 3 4 5 |  5.1
Fighting       | |  2.4
Dodging        | |  1.9

Action                     |  1- 3 |  4- 6 || total
---------------------------+-------+-------++-------
  Melee: Mace              |   133 |    30 ||   163
         Punch             |       |     1 ||     1
    Use: Scroll            |     5 |     1 ||     6
         Potion            |     4 |       ||     4
   Stab: Petrified         |     3 |     3 ||     6
         Paralysed         |     1 |       ||     1
         Confused          |       |     1 ||     1
 Armour: Robe              |   101 |    18 ||   119
         Skin              |    11 |     2 ||    13
  Dodge: Dodged            |    78 |    11 ||    89

Levels and vault maps discovered:
D:1:      minmay_arrival_solitary_statue, layout_basic,
          nicolae_kite_square_tiling_tiny, chequers_serial_rivers_small_3,
          minmay_bisected
D:2:      layout_basic, basic_altar, nicolae_elevator_lobby_plus
D:3:      layout_rooms, uniq_terence, uniq_grinder

Notes
Turn   | Place    | Note
-------+----------+-------------------------------------------
     0 | D:1      | demibob the Troll Chaos Knight began the quest for the Orb.
     0 | D:1      | Reached XP level 1. HP: 22/22 MP: 0/0
   111 | D:1      | Reached skill level 3 in Maces & Flails
   286 | D:1      | XOM: divination: detect creatures
   304 | D:1      | Reached XP level 2. HP: 28/29 MP: 1/1
   361 | D:1      | XOM: 1-stop teleportation journey
   737 | D:1      | XOM is BORED!
   839 | D:2      | Found a stormy altar of Qazlal.
   885 | D:2      | Reached XP level 3. HP: 34/36 MP: 2/2
  1157 | D:2      | Reached skill level 4 in Maces & Flails
  1489 | D:3      | Reached XP level 4. HP: 26/44 MP: 3/3
  1573 | D:3      | Noticed Terence
  1573 | D:3      | Noticed Grinder
  1585 | D:3      | Paralysed by Grinder for 5 turns
  1594 | D:3      | XOM: enchant monster (good)
  1600 | D:3      | Killed Terence
  1601 | D:3      | Reached skill level 5 in Maces & Flails
  1614 | D:3      | Paralysed by Grinder for 5 turns
  1622 | D:3      | HP: 1/44 [Grinder (6)]
  1622 | D:3      | Slain by Grinder

Vanquished Creatures
  Terence (D:3)
  An orc wizard (D:3)
  2 adders (D:2)
  A shadow imp (D:3)
  3 orcs (D:3)
  A ball python (D:2)
  3 endoplasms
  A giant cockroach (D:3)
  3 goblins
  5 hobgoblins
  3 quokkas
  7 bats
  A frilled lizard (D:2)
  4 kobolds
  3 rats
39 creatures vanquished.

Vanquished Creatures (collateral kills)
  A ball python (D:2)
1 creature vanquished.

Grand Total: 40 creatures vanquished

Table legend: (Time is in decaauts)
 A = Elapsed time spent in this place.
 B = Non-inter-level travel time spent in this place.
 C = Inter-level travel time spent in this place.
 D = Time resting spent in this place.
 E = Time spent auto-exploring this place.
 F = Levels seen in this place.
 G = Mean time per level.
                   A        B        C        D        E       F      G
               +--------+--------+--------+--------+--------+-----+--------+
         Total |   1655 |   1601 |     54 |     10 |   1210 |   3 |  551.7 |
       Dungeon |   1655 |   1601 |     54 |     10 |   1210 |   3 |  551.7 |
               +--------+--------+--------+--------+--------+-----+--------+

Top non-repeatable levels by time:
     D:1: 834 daAuts
     D:2: 571 daAuts
     D:3: 248 daAuts

Table legend:
 A = Non-vault XP
 B = Vault XP
 C = Vault XP percentage of total XP
 D = Non-vault monster count
 E = Vault monster count
 F = Vault count percentage of total count
                 A         B        C        D         E       F
            +---------+---------+-------+---------+---------+-------
      Total |     131 |      42 |  24.3 |      36 |       4 |  10.0
            +---------+---------+-------+---------+---------+-------
        D:1 |      21 |       6 |  22.2 |      12 |       3 |  20.0
        D:2 |      43 |       0 |   0.0 |      12 |       0 |   0.0
        D:3 |      67 |      36 |  35.0 |      12 |       1 |   7.7
            +---------+---------+-------+---------+---------+-------
